 Dungeon Crawl Stone Soup version 0.28.0-43-g3370ac3207 (webtiles) character file.

Game seed: 9148641638501686770

51 pkoi the Ruffian (level 3, -6/54 HPs)
             Began as a Troll Monk on Mar 21, 2022.
             Killed by divine providence
             ... invoked by an orc priest
              (10 damage)
             ... on level 3 of the Dungeon.
             The game lasted 00:01:10 (1366 turns).

pkoi the Ruffian (Troll Monk)                       Turns: 1366, Time: 00:01:10

Health: -6/54      AC:  4    Str: 19    XL:     3   Next: 58%
Magic:  2/2        EV: 10    Int:  8    God:
Gold:   27         SH:  0    Dex: 12    Spells: 2/2 levels left

rFire   . . .      SeeInvis .     - Unarmed
rCold   . . .      Faith    .   g - orb {*Rage}
rNeg    . . .      Spirit   .   a - +0 robe
rPois   .          Reflect  .   (helmet restricted)
rElec   .          Harm     .   (no cloak)
rCorr   .          Rampage  .   (gloves unavailable)
Will    .....      Rage     20% (boots unavailable)
Stlth   ..........              (no amulet)
HPRegen 0.98/turn               (no ring)
MPRegen 0.08/turn               (no ring)

@: berserking, very quick
A: large, unfitting armour, claws 3, regeneration 1, shaggy fur 1, tough skin 1
a: no special abilities


You were on level 3 of the Dungeon.
You visited 1 branch of the dungeon, and saw 3 of its levels.

You collected 27 gold pieces.

Inventory:

Armour
 a - a +0 robe (worn)
 g - an orb of wrath (worn)
Jewellery
 h - an amulet of faith
Scrolls
 e - a scroll of identify
Potions
 b - a potion of cancellation {unknown}
 c - a potion of curing {unknown}
 f - a potion of flight
 i - a potion of haste {unknown}


   Skills:
 + Level 2.9 Fighting
 - Level 2.4 Dodging
 - Level 1.0 Stealth
 * Level 4.2 Unarmed Combat


You had 2 spell levels left.
You didn't know any spells.
Your spell library contained the following spells:

 Spells                   Type           Power      Damage    Failure   Level
 Ensorcelled Hibernation  Hex/Ice        0%         N/A       54%         2
 Inner Flame              Hex/Fire       0%         N/A       78%         3
 Spider Form              Tmut/Pois      0%         N/A       78%         3
 Anguish                  Hex/Necr       0%         N/A       99%         4
 Sticky Flame             Conj/Fire      0%         2d3       99%         4
 Alistair's Intoxication  Tmut/Pois      0%         N/A       100%        5
 Borgnjor's Vile Clutch   Necr/Erth      0%         N/A       100%        5
 Fireball                 Conj/Fire      0%         3d3       100%        5
 Eringya's Noxious Bog    Tmut/Pois      0%         N/A       100%        6
 Starburst                Conj/Fire      0%         6d3       100%        6


Dungeon Overview and Level Annotations

Branches:
Dungeon (3/15)

Altars:
Xom

Annotations:
D:3 1 runed translucent door, NotreDorf's ghost, weakling MfGl


Innate Abilities, Weirdness & Mutations

You are too large for most types of armour.
You have claws for hands.
Your natural rate of healing is unusually fast.
You are covered in fur. (AC +1)
You have tough skin. (AC +1)


Message History

You finish putting on your orb of wrath.
Unknown command.
A red film seems to cover your vision as you go berserk!
You feel yourself moving faster!
You feel mighty!
You barely miss the orc.
The orc is moderately wounded.
The adder bites you.
* * * LOW HITPOINT WARNING * * *
The endoplasm hits you.
* * * LOW HITPOINT WARNING * * *
The orc barely misses you.
The orc priest looks encouraged for a moment.
You barely miss the orc.
The orc is moderately wounded.
The adder barely misses you. The orc closely misses you.
The endoplasm hits you.
* * * LOW HITPOINT WARNING * * *
Unknown command.
You closely miss the orc.
The orc is moderately wounded.
The adder barely misses you. The orc closely misses you.
The orc priest misses you. The orc hits you with a +0 dagger.
* * * LOW HITPOINT WARNING * * *
Unknown command.
You claw the orc!
You kill the orc!
The endoplasm freezes you.
You are frozen.
* * * LOW HITPOINT WARNING * * *
The adder bites you.
* * * LOW HITPOINT WARNING * * *
You claw the adder!
You kill the adder!
The orc priest closely misses you. The orc hits you with a +0 dagger.
* * * LOW HITPOINT WARNING * * *
Unknown command.
You claw the endoplasm!
You kill the endoplasm!
The orc priest invokes the aid of Beogh against you.
Beogh smites you!
You die...

##### #... #.. #.#
##.### #..
#########....#.....
#..........@oo.#
#.#######..oo......
#.# ##....###.# #.#
#.#.## ##.## #.....
##...## ###.###
#.....# +# ##...##
##..#


You could see an orc priest and 3 orcs.

Vanquished Creatures
  2 adders
  A worm (D:3)
  A dart slug (D:2)
  An orc (D:3)
  7 ball pythons
  An endoplasm (D:3)
  A giant cockroach (D:2)
  5 goblins
  A hobgoblin (D:1)
  2 bats
  2 frilled lizards (D:1)
  4 kobolds
28 creatures vanquished.

Notes
Turn   | Place    | Note
-------+----------+-------------------------------------------
     0 | D:1      | pkoi the Troll Monk began the quest for the Orb.
     0 | D:1      | Reached XP level 1. HP: 22/22 MP: 0/0
   150 | D:1      | Reached XP level 2. HP: 26/29 MP: 1/1
   863 | D:2      | Got the Handbook of the Blaze
   964 | D:2      | Reached XP level 3. HP: 35/36 MP: 2/2
   973 | D:2      | Found a shimmering altar of Xom.
   975 | D:2      | Reached skill level 4 in Unarmed Combat
  1067 | D:2      | Identified the +8 hand axe of Xizauh {holy, rF+ rC+ rN+
                  | Stlth+}
  1309 | D:3      | Found a runed translucent door.
  1320 | D:3      | Noticed NotreDorf's ghost (weakling MfGl)
  1366 | D:3      | Killed from afar by an orc priest

Illustrated notes

Levels and vault maps discovered:
D:1:      dpeg_arrival_court, layout_basic
D:2:      layout_loops_ring, basic_altar
D:3:      layout_loops_corners, ebering_ghost_reflecting_pool,
          ebering_ecumenical_altar_hall

Skill      XL: |  1  2  3 |
---------------+----------+-----
Unarmed Combat | 4 |  4.2
Fighting       | |  2.9
Dodging        | |  2.4
Stealth        | |  1.0

Action                   || total
-------------------------++-------
Melee: Unarmed           ||    92
       Punch             ||     4
  Use: Scroll            ||     3
 Stab: Sleeping          ||     2
Armor: Robe              ||    23
Dodge: Dodged            ||    50
